 Dungeon Crawl Stone Soup version 0.23-a0-629-gae4348f6cf (webtiles) character file.

168 GordonOverkill the Caller (level 5, 0/45 HPs)
             Began as a Deep Elf Summoner on Dec 25, 2018.
             Slain by a killer bee (2 damage)
             ... on level 3 of the Dungeon.
             The game lasted 00:10:16 (3110 turns).

GordonOverkill the Caller (Deep Elf Summoner)       Turns: 3110, Time: 00:10:16

Health: 0/45       AC: 22    Str:  5    XL:     5   Next: 24%
Magic:  5/13       EV:  2    Int: 21    God:
Gold:   78         SH:  0    Dex: 20    Spells: 2/13 levels left

rFire    . . .     SeeInvis .   l - +0 whip (venom)
rCold    . . .     Gourm    .   (no shield)
rNeg     + + +     Faith    .   (armour currently unavailable)
rPois    +         Spirit   .   (helmet currently unavailable)
rElec    .         Reflect  .   (cloak currently unavailable)
rCorr    .         Harm     .   (gloves currently unavailable)
MR       .....     NoTele   +   (boots currently unavailable)
Stlth    ++++......             (no amulet)
HPRegen  0.15/turn              (no ring)
MPRegen  0.13/turn              (no ring)

@: agile, lethally poisoned (0 -> -14), tree-form (expiring)
A: no striking features
a: no special abilities


You were on level 3 of the Dungeon.
You were hungry.
You were a tree.
You visited 1 branch of the dungeon, and saw 3 of its levels.

You collected 78 gold pieces.

Inventory:

Hand Weapons
 l - a +0 whip of venom (weapon)
Missiles
 b - 63 stones (quivered)
 g - 24 sling bullets
Armour
 a - a +0 robe (melded)
 p - a +0 pair of gloves (melded)
Scrolls
 h - a scroll of identify
 i - 2 scrolls of random uselessness {unknown}
 j - a scroll of blinking {unknown}
 m - 2 scrolls of teleportation {unknown}
 o - 3 scrolls of remove curse
 r - a scroll of fear {unknown}
Potions
 d - a potion of flight
Comestibles
 c - 6 rations
 k - a chunk of flesh


   Skills:
 + Level 1.8 Fighting
 + Level 3.7 Dodging
 - Level 3.0 Stealth
 + Level 4.5 Spellcasting
 + Level 5.1 Summonings


You had 2 spell levels left.
You knew the following spells:

 Your Spells              Type           Power        Failure   Level  Hunger
a - Summon Small Mammal   Summ           ####         1%          1    None
b - Call Imp              Summ           ####....     1%          2    #......
c - Summon Ice Beast      Ice/Summ       ###.....     36%         4    ####...
d - Summon Lightning Spi  Summ/Air       ###.....     36%         4    ####...

Your spell library contained the following spells:

 Spells                   Type           Power        Failure   Level  Hunger
 Call Canine Familiar     Summ           ####....     4%          3    ##.....
 Summon Guardian Golem    Hex/Summ       ###.....     12%         3    ##.....


Dungeon Overview and Level Annotations

Branches:
Dungeon (3/15)

Altars:
Kikubaaqudgha
Vehumet


Message History

Unknown command.
You aren't carrying any items that you can evoke.
Unknown command.
You miss the killer bee.
* * * LOW HITPOINT WARNING * * *
You feel sick.
The killer bee stings you but does no damage. x2
Your crimson imp blinks!
You closely miss the killer bee.
* * * LOW HITPOINT WARNING * * *
You feel sick.
The killer bee stings you but does no damage.
The killer bee stings you.
* * * LOW HITPOINT WARNING * * *
You hit the killer bee but do no damage.
The killer bee is poisoned.
Your transformation is almost over.
* * * LOW HITPOINT WARNING * * *
You feel sick. The killer bee stings you.
You die...

...##.#######.# #..##.# #.# #
#..##.# #5# #.##..##5# #.#
#......#.# #.# #.#####.#.#'##
#.# . .......y.....# #.# .
......##y##...######.# . #.#.#
##♣#.........#.#
#.#.#...5............#
#.#.####.#.###.#.###.#
#.#.....÷#...#.#.######## ..
#.#..........5..........# >.
######.........##.#.#.######.#
.
.[........#.#.....#.#.######.#
#
########..#.#...#.............
# #..#.#...#.#.#.######.#


You could see 2 killer bees and 2 friendly crimson imps.

Vanquished Creatures
  2 killer bees (D:3)
  A dart slug (D:1)
  A giant cockroach (D:1)
  2 hobgoblins
  A quokka (D:2)
  3 bats
  A frilled lizard (D:3)
  A kobold (D:2)
  2 rats
14 creatures vanquished.

Vanquished Creatures (collateral kills)
  Terence (D:2)
  Natasha (D:3)
  2 adders (D:2)
  3 oozes
  A worm (D:2)
  4 leopard geckos (D:1)
  8 goblins
  3 hobgoblins (D:1)
  8 jackals
  A bat (D:1)
  6 frilled lizards
  6 kobolds
  6 rats
50 creatures vanquished.

Grand Total: 64 creatures vanquished

Notes
Turn   | Place    | Note
-------+----------+-------------------------------------------
     0 | D:1      | GordonOverkill the Deep Elf Summoner began the quest for
                  | the Orb.
     0 | D:1      | Reached XP level 1. HP: 10/10 MP: 6/6
   350 | D:1      | Reached XP level 2. HP: 9/15 MP: 4/8
   620 | D:1      | Learned a level 2 spell: Call Imp
  1421 | D:1      | Reached XP level 3. HP: 20/20 MP: 6/9
  1714 | D:2      | Noticed Terence
  1724 | D:2      | Killed Terence
  1724 | D:2      | Reached skill level 1 in Fighting
  1901 | D:2      | Found an ancient bone altar of Kikubaaqudgha.
  2089 | D:2      | Reached XP level 4. HP: 14/25 MP: 5/11
  2362 | D:2      | Learned a level 4 spell: Summon Ice Beast
  2848 | D:3      | Found a radiant altar of Vehumet.
  2926 | D:3      | Learned a level 4 spell: Summon Lightning Spire
  2933 | D:3      | Noticed Natasha
  2940 | D:3      | Killed Natasha
  3103 | D:3      | Reached skill level 5 in Summonings
  3106 | D:3      | Reached XP level 5. HP: 15/30 MP: 4/13
  3110 | D:3      | HP: 2/45 [poisoned by a killer bee]
  3110 | D:3      | Slain by a killer bee

Vault maps used:
D:1:      dpeg_arrival_three_same_balls, minmay_small_reverse_x
D:2:      kiku_gazebo_garden_becter, first_ration, fountainhead, uniq_terence
D:3:      vehumet_crystals, uniq_natasha

Skill      XL: |  1  2  3  4 |
---------------+-------------+-----
Stealth        | 3 |  3.0
Fighting       | 1 |  1.8
Dodging        | 3 |  3.7
Spellcasting   | 4 |  4.5
Summonings     | 5 |  5.1

Action                   |  1- 3 |  4- 6 || total
-------------------------+-------+-------++-------
Melee: Whip              |    46 |    18 ||    64
 Cast: Summon Small Mamm |    27 |       ||    27
       Call Imp          |    49 |    26 ||    75
Evoke: Wand              |       |     5 ||     5
  Use: Potion            |     1 |     3 ||     4
       Scroll            |       |     2 ||     2
 Stab: Sleeping          |     3 |       ||     3
  Eat: Chunk             |     5 |     3 ||     8
Armor: Robe              |    20 |     5 ||    25
       Skin              |       |    14 ||    14
Dodge: Dodged            |    66 |    16 ||    82

Table legend:
 A = Non-vault XP
 B = Vault XP
 C = Vault XP percentage of total XP
 D = Non-vault monster count
 E = Vault monster count
 F = Vault count percentage of total count
                 A         B        C        D         E       F
            +---------+---------+-------+---------+---------+-------
      Total |     200 |      41 |  17.0 |      59 |       5 |   7.8
            +---------+---------+-------+---------+---------+-------
        D:1 |      45 |       4 |   8.2 |      32 |       3 |   8.6
        D:2 |      44 |      18 |  29.0 |      22 |       1 |   4.3
        D:3 |     111 |      19 |  14.6 |       5 |       1 |  16.7
            +---------+---------+-------+---------+---------+-------
